 Dungeon Crawl Stone Soup version 0.25-a0-860-gf695395b5c (webtiles) character file.

Game seed: 2703119901794689321, levelgen mode: deterministic

29076 Flugkiller the Basher (level 13, -6/137 HPs)
             Began as an Ogre Skald on Apr 28, 2020.
             Was a Follower of Uskayaw.
             Mangled by a freezing wraith (9 damage)
             ... in an ice cave.
             The game lasted 00:31:15 (19866 turns).

Flugkiller the Basher (Ogre Skald)                 Turns: 19866, Time: 00:31:16

Health: -6/137     AC:  6    Str: 18    XL:     13   Next: 42%
Magic:  16/19      EV: 15    Int: 14    God:    Uskayaw [*.....]
Gold:   708        SH:  0    Dex: 12    Spells: 11/20 levels left

rFire    + . .     SeeInvis .   b - +4 giant club
rCold    + . .     Gourm    +   (shield currently unavailable)
rNeg     . . .     Faith    .   E - +2 robe {rC+}
rPois    .         Spirit   .   (helmet restricted)
rElec    .         Reflect  .   u - +0 cloak
rCorr    .         Harm     .   (gloves unavailable)
MR       +....                  (boots unavailable)
Stlth    +.........             G - amulet of the gourmand
HPRegen  0.32/turn              s - ring of protection from fire
MPRegen  0.16/turn              (no ring)

@: hasted and slowed
A: large, unfitting armour, tough skin 1
a: Stomp, Renounce Religion


You were in an ice cave.
You worshipped Uskayaw.
Uskayaw was noncommittal.
You were very full.

You visited 3 branches of the dungeon, and saw 16 of its levels.
You also visited: Ice Cave.

You collected 812 gold pieces.
You spent 104 gold pieces at shops.

Inventory:

Hand Weapons
 a - the +7 mace of Variability {chain chaos}
   (You found it on level 11 of the Dungeon)

   Each time it hits an enemy it has a different, random effect.
 b - a +4 giant club (weapon)
   (You took it off an ogre on level 5 of the Dungeon)
 q - a +2 flail of protection
   (You took it off an orc on level 3 of the Dungeon)
 B - the +7 pair of quick blades "Gyre" and "Gimble" {protect}
   (You found it on level 3 of the Lair of Beasts)

   It grants its wielder temporary protection when it strikes (+7 to AC).
Armour
 r - a +0 robe of the Archmagi
   (You took it off an orc wizard on level 4 of the Dungeon)
 u - a +0 cloak (worn)
   (You found it on level 6 of the Dungeon)
 w - the +0 robe of the Playwright {+Fly rN++ Dex+4 Stlth+}
   (You found it on level 7 of the Dungeon)

   It affects your dexterity (+4).
   It greatly protects you from negative energy.
   It lets you fly.
   It makes you more stealthy.
 E - a +2 robe of cold resistance (worn)
   (You took it off Fannar on level 11 of the Dungeon)
 F - a +0 troll leather armour
   (You found it on level 11 of the Dungeon)
 H - a +2 robe of magic resistance
   (You took it off Erica on level 2 of the Lair of Beasts)
Jewellery
 s - a ring of protection from fire (left hand)
   (You found it on level 6 of the Dungeon)
 G - an amulet of the gourmand (around neck)
   (You found it on level 11 of the Dungeon)
Wands
 o - a wand of flame (11)
   (You took it off an orc on level 5 of the Dungeon)
 y - a wand of disintegration (15)
   (You found it on level 7 of the Dungeon)
 z - a wand of paralysis (10)
   (You found it on level 7 of the Dungeon)
 A - a wand of acid (4)
   (You found it on level 7 of the Dungeon)
 D - a wand of clouds (6)
   (You found it on level 1 of the Lair of Beasts)
Scrolls
 e - 2 scrolls of remove curse
 i - 6 scrolls of teleportation
 k - 2 scrolls of immolation
 m - 2 scrolls of fog
 n - 4 scrolls of enchant armour
 p - a scroll of fear
 t - 4 scrolls of magic mapping
 x - a scroll of amnesia
 I - a scroll of identify
Potions
 c - 3 potions of stabbing
 f - 5 potions of curing
 g - 6 potions of heal wounds
 h - a potion of might
 j - a potion of lignification
 l - 3 potions of haste
 v - 3 potions of ambrosia
 C - 2 potions of berserk rage
 K - a potion of magic {unknown}
Comestibles
 d - 30 rations


   Skills:
 - Level 11.0 Fighting
 - Level 12.0 Maces & Flails
 - Level 11.0 Dodging
 - Level 4.0 Spellcasting
 - Level 3.0 Hexes
 - Level 6.0 Charms
 + Level 7.3 Invocations
 - Level 5.0 Evocations


You had 11 spell levels left.
You knew the following spells:

 Your Spells              Type           Power        Failure   Level  Hunger
a - Infusion              Chrm           ###.         1%          1    None
b - Shroud of Golubria    Chrm/Tloc      ##....       9%          2    ##.....
c - Ozocubu's Armour      Chrm/Ice       ##......     17%         3    ###....
d - Spectral Weapon       Hex/Chrm       ###.....     9%          3    ###....

Your spell library contained the following spells:

 Spells                   Type           Power        Failure   Level  Hunger
 Song of Slaying          Chrm           ###.....     2%          2    ##.....
 Corona                   Hex            ##.....      5%          1    None
 Ensorcelled Hibernation  Hex/Ice        #.....       16%         2    ##.....
 Confusing Touch          Hex            ##......     17%         3    ###....
 Tukima's Dance           Hex            ##......     17%         3    ###....
 Animate Skeleton         Necr           N/A          19%         1    None
 Beastly Appendage        Tmut           #.....       19%         1    None
 Magic Dart               Conj           #...         19%         1    None
 Pain                     Necr           #...         19%         1    None
 Searing Ray              Conj           #.....       28%         2    ##.....
 Sticks to Snakes         Tmut           #.......     28%         2    ##.....
 Dazzling Flash           Conj/Hex       #.....       30%         3    ###....
 Spider Form              Tmut/Pois      #.........   50%         3    ###....
 Vampiric Draining        Necr           #.........   50%         3    ###....
 Fulminant Prism          Conj/Hex       #.........   71%         4    ####...
 Animate Dead             Necr           N/A          88%         4    ####...
 Hailstorm                Conj/Ice       #.......     88%         4    ####...
 Ice Form                 Ice/Tmut       #.......     88%         4    ####...
 Iskenderun's Mystic Bla  Conj/Tloc      #.......     88%         4    ####...
 Agony                    Necr           #.......     99%         5    ######.
 Blade Hands              Tmut           #.........   99%         5    ######.
 Orb of Destruction       Conj           #.........   100%        7    #######
 Spellforged Servitor     Conj/Summ      #.........   100%        7    #######


Dungeon Overview and Level Annotations

Branches:
Dungeon (11/15)            Temple (1/1) D:4            Lair (4/6) D:10
  Swamp (0/4) Lair:4       Spider (0/4) Lair:3        IceCv (1/1)
    Orc: D:9-12

Altars:
Ashenzari
Elyvilon
Kikubaaqudgha
Makhleb
Nemelex Xobeh
Okawaru
Qazlal
Ru
Trog
Uskayaw
Vehumet
Wu Jian
Xom
Yredelemnul
The Shining One

Shops:
D:8 ?   D:9 [   D:11 [

Portals:
Trove: D:10 (give +4 shadow dragon scales)

Annotations:
D:2 Natasha
D:5 1 runed translucent door
D:10 3 runed translucent doors, t4s4d4r's ghost, novice FeEE
Lair:1 2 transporters, sixsigma's ghost, journeyman GnWz
Abyss:1 Maurice


Innate Abilities, Weirdness & Mutations

You are too large for most types of armour.
You have tough skin. (AC +1)


Message History

Unknown command.
Casting: Shroud of Golubria (safe; 9% risk of failure)
Confirm with . or Enter, or press ? or * to list all spells.
You draw out your weapon's spirit!
Unknown command.
You sock the freezing wraith!
The freezing wraith is lightly damaged.
Your spectral weapon closely misses the freezing wraith.
The freezing wraith hits you. The freezing wraith freezes you! You resist.
The freezing wraith barely misses you.
The freezing wraith completely misses you.
The freezing wraith misses you. The freezing wraith hits you!
The freezing wraith freezes you. You resist. The freezing wraith hits you!
The freezing wraith drains your vigour!
You feel as though you will be slow longer.
Unknown command.
The freezing wraith hits you but does no damage.
The freezing wraith hits you. The freezing wraith drains your vigour!
You feel as though you will be slow longer.
Unknown command.
Okay, then.
Unknown command.
You feel much better. The freezing wraith hits you!
The freezing wraith freezes you! You resist. The freezing wraith hits you.
The freezing wraith misses you. The freezing wraith hits you!
* * * LOW HITPOINT WARNING * * *
The freezing wraith hits you!
* * * LOW HITPOINT WARNING * * *
The freezing wraith freezes you! You resist.
* * * LOW HITPOINT WARNING * * *
The freezing wraith hits you.
* * * LOW HITPOINT WARNING * * *
The freezing wraith drains your vigour!
You feel as though you will be slow longer.
Unknown command.
Unknown command.
You feel yourself speed up. The freezing wraith hits you!
* * * LOW HITPOINT WARNING * * *
The freezing wraith freezes you. You resist.
* * * LOW HITPOINT WARNING * * *
The freezing wraith barely misses you. The freezing wraith hits you!
* * * LOW HITPOINT WARNING * * *
The freezing wraith freezes you! You resist.
* * * LOW HITPOINT WARNING * * *
The freezing wraith hits you.
* * * LOW HITPOINT WARNING * * *
The freezing wraith hits you.
* * * LOW HITPOINT WARNING * * *
The freezing wraith freezes you! You resist.
You die...

###....##
###.WW....#
##...###..##
##...###..##
##...###..##
###...###...#
##....## #..##
##### #....##
#..W### ###...####
#..###
##.W@.###........##
#...#
##{..............##
##...#
####.............#
###...
##............#
##.. ##..........##
#... ##.#....#.##
##. ####..####
##..# ##..##


You could see 2 freezing wraiths and a friendly spectral +4 giant club.

Vanquished Creatures
  Fannar (D:11)
  3 hydras
  3 two-headed ogres
  Erica (Lair:2)
  Urug (D:11)
  An unseen horror (D:11)
  Pikel (D:8)
  2 ugly things (D:11)
  8 elephants
  A black mamba (Lair:2)
  A gargoyle (D:11)
  Joseph (D:7)
  2 torpor snails
  2 spiny frogs (Lair:1)
  2 freezing wraiths (IceCv)
  A komodo dragon (Lair:1)
  A troll (D:11)
  A hornet (D:9)
  Prince Ribbit (D:6)
  6 hippogriffs
  3 dream sheep (Lair:3)
  A wyvern (Lair:3)
  2 redbacks (Lair:3)
  3 hogs (D:10)
  A hungry ghost (D:3)
  A death yak simulacrum (IceCv)
  A human (D:10)
  24 yaks
  A steam dragon (Lair:2)
  2 chaos spawn (D:11)
  Menkaure (D:7)
  6 water moccasins
  A soldier ant (D:9)
  8 porcupines
  Duvessa (D:7)
  4 sky beasts
  3 slaves (D:9)
  An orc warrior (D:9)
  14 ice beasts
  4 black bears
  5 wolves (Lair:3)
  3 ogres
  5 centaurs
  7 crocodiles
  4 bullfrogs
  2 big kobolds
  A gnoll sergeant (D:7)
  Dowan (D:7)
  A water moccasin zombie (D:7)
  4 scorpions
  6 killer bees
  4 wights
  A howler monkey (D:5)
  3 crimson imps
  2 bullfrog zombies (D:10)
  A jelly (D:5)
  2 gnoll shamans
  3 orc priests
  A bullfrog skeleton (D:11)
  4 hounds
  4 iguanas
  10 orc wizards
  9 worker ants
  3 wolf simulacra (IceCv)
  A killer bee zombie (D:10)
  3 hound zombies
  Robin (D:2)
  9 adders
  24 gnolls
  A shadow imp (D:9)
  5 white imps (IceCv)
  An ooze (D:3)
  4 adder skeletons
  4 worms
  2 dart slugs
  4 leopard geckos
  28 orcs
  7 bats
  3 giant cockroaches
  3 hobgoblins
  11 jackals
  12 kobolds
  4 quokkas
  A ball python (D:3)
  A frilled lizard (D:1)
  12 goblins
  A leopard gecko skeleton (D:8)
  8 rats
358 creatures vanquished.

Vanquished Creatures (collateral kills)
  A rime drake (Lair:2)
1 creature vanquished.

Vanquished Creatures (others)
  2 bushes (Lair:3)
  14 fungi (D:10)
  3 plants (D:10)
  17 spectral weapons
36 creatures vanquished.

Grand Total: 395 creatures vanquished

Notes
Turn   | Place    | Note
-------+----------+-------------------------------------------
     0 | D:1      | Flugkiller the Ogre Skald began the quest for the Orb.
     0 | D:1      | Reached XP level 1. HP: 22/22 MP: 3/3
   375 | D:1      | Reached XP level 2. HP: 32/32 MP: 5/5
   379 | D:1      | Learned a level 2 spell: Shroud of Golubria
   727 | D:2      | Reached XP level 3. HP: 32/39 MP: 1/6
  1046 | D:2      | Learned a level 3 spell: Spectral Weapon
  1385 | D:2      | Noticed Natasha
  1755 | D:2      | Noticed Robin
  1773 | D:2      | Killed Robin
  1776 | D:2      | Reached XP level 4. HP: 48/48 MP: 4/8
  1951 | D:3      | Noticed a hungry ghost
  1959 | D:3      | Reached skill level 1 in Hexes
  2208 | D:3      | Killed a hungry ghost
  2208 | D:3      | Reached XP level 5. HP: 46/54 MP: 2/9
  2208 | D:3      | Reached XP level 6. HP: 53/62 MP: 2/10
  2220 | D:3      | Learned a level 3 spell: Ozocubu's Armour
  3151 | D:4      | Reached skill level 5 in Charms
  3222 | D:4      | Found a staircase to the Ecumenical Temple.
  3253 | Temple   | Entered the Ecumenical Temple
  3261 | Temple   | Became a worshipper of Uskayaw the Reveler
  3310 | D:4      | Reached * piety under Uskayaw
  3402 | D:4      | Reached XP level 7. HP: 67/70 MP: 8/11
  3517 | D:4      | Found a basalt altar of Yredelemnul.
  3766 | D:5      | Entered Level 5 of the Dungeon
  3814 | D:5      | Reached ** piety under Uskayaw
  3870 | D:5      | Reached *** piety under Uskayaw
  3876 | D:5      | Reached skill level 2 in Maces & Flails
  4046 | D:5      | Reached skill level 5 in Fighting
  4523 | D:5      | Reached skill level 3 in Maces & Flails
  4766 | D:5      | Found an iron altar of Okawaru.
  4887 | D:5      | Reached XP level 8. HP: 83/83 MP: 9/12
  5391 | D:5      | Found a runed translucent door.
  5792 | D:6      | Reached skill level 4 in Maces & Flails
  6550 | D:6      | Reached skill level 5 in Maces & Flails
  7333 | D:7      | Found a sparkling altar of Nemelex Xobeh.
  7333 | D:7      | Noticed Joseph
  7395 | D:7      | Noticed Prince Ribbit
  7396 | D:7      | Noticed Dowan
  7397 | D:7      | Noticed Duvessa
  7428 | D:6      | Killed Prince Ribbit
  7428 | D:6      | Reached XP level 9. HP: 77/96 MP: 2/15
  7729 | D:7      | Reached skill level 6 in Maces & Flails
  7868 | D:7      | Found a burning altar of Makhleb.
  7968 | D:7      | Got a twisted robe
  8012 | D:7      | Killed Duvessa
  8031 | D:7      | Killed Dowan
  8113 | D:7      | Noticed Menkaure
  8128 | D:7      | Killed Menkaure
  8128 | D:7      | Reached skill level 7 in Maces & Flails
  8234 | D:7      | Killed Joseph
  9036 | D:7      | Noticed an Executioner
  9330 | D:7      | Identified the cursed +0 robe of the Playwright {+Fly rN++
                  | Dex+4 Stlth+} (You found it on level 7 of the Dungeon)
  9408 | D:8      | Reached skill level 8 in Maces & Flails
  9596 | D:8      | Found Luvept's Magic Scroll Shoppe.
  9627 | D:8      | Bought a scroll of magic mapping for 38 gold pieces
  9627 | D:8      | Bought 2 scrolls of teleportation for 66 gold pieces
  9872 | D:8      | Noticed a moth of wrath
  9875 | D:8      | Found a bloodstained altar of Trog.
 10265 | D:8      | Reached XP level 10. HP: 105/109 MP: 12/16
 10911 | D:9      | Found an ornate altar of the Wu Jian Council.
 10916 | D:9      | Reached skill level 5 in Dodging
 11028 | D:9      | Found a stormy altar of Qazlal.
 11032 | D:9      | Found Tistrayti's Armour Boutique.
 11036 | D:9      | Noticed Pikel
 11061 | D:8      | Killed Pikel
 11216 | D:10     | Entered Level 10 of the Dungeon
 11266 | D:10     | Reached skill level 1 in Invocations
 11276 | D:9      | Reached skill level 1 in Evocations
 11702 | D:10     | Noticed a two-headed ogre
 11882 | D:10     | Killed a two-headed ogre
 12271 | D:10     | Found a staircase to the Lair.
 12311 | D:10     | Reached skill level 5 in Invocations
 12315 | D:10     | Reached **** piety under Uskayaw
 12320 | D:10     | Reached ***** piety under Uskayaw
 12330 | D:10     | Reached XP level 11. HP: 68/117 MP: 14/17
 12606 | D:10     | Found a portal to a secret trove of treasure.
 12770 | D:10     | Reached skill level 5 in Evocations
 13004 | D:10     | Reached skill level 10 in Fighting
 13589 | D:10     | Found a runed translucent gate.
 13589 | D:10     | Found a runed translucent gate.
 13589 | D:10     | Found a runed translucent gate.
 13591 | D:10     | Noticed t4s4d4r's ghost (novice FeEE)
 13650 | D:11     | Noticed a two-headed ogre
 13659 | D:11     | Noticed a two-headed ogre
 13942 | D:10     | Found a staircase to the Lair.
 14102 | D:10     | Found a portal to a secret trove of treasure.
 14155 | D:10     | Found a runed translucent gate.
 14155 | D:10     | Found a runed translucent gate.
 14155 | D:10     | Found a runed translucent gate.
 14198 | D:10     | Found a runed translucent gate.
 14198 | D:10     | Found a runed translucent gate.
 14198 | D:10     | Found a runed translucent gate.
 14296 | D:10     | Killed a two-headed ogre
 14624 | D:11     | Noticed a purple ugly thing
 14636 | D:11     | Killed a purple ugly thing
 14882 | D:11     | Found a shimmering altar of Xom.
 14896 | D:11     | Noticed a red ugly thing
 14912 | D:11     | Killed a red ugly thing
 15005 | D:11     | Reached skill level 9 in Maces & Flails
 15011 | D:11     | Found Vaumeuv's Antique Armour Shop.
 15020 | D:11     | Noticed Fannar
 15133 | D:11     | Noticed a seven-headed hydra
 15169 | D:11     | Found the +7 mace of Variability {chain chaos}
 15222 | D:11     | Killed Fannar
 15274 | D:11     | Noticed Urug
 15293 | D:11     | Killed Urug
 15488 | D:11     | Killed an unseen horror
 15497 | D:11     | Killed a two-headed ogre
 15497 | D:11     | Reached XP level 12. HP: 130/130 MP: 8/18
 15501 | D:11     | Noticed Maurice
 15518 | D:11     | Banished Maurice
 15728 | Lair:1   | Entered Level 1 of the Lair of Beasts
 15762 | Lair:1   | Reached skill level 10 in Maces & Flails
 16077 | Lair:1   | Noticed sixsigma's ghost (journeyman GnWz)
 16264 | Lair:1   | Found a transporter.
 16379 | Lair:1   | Found a transporter.
 16426 | Lair:2   | Noticed a four-headed hydra
 16433 | Lair:2   | Killed a four-headed hydra
 16586 | Lair:2   | Noticed Erica
 16607 | Lair:2   | Killed Erica
 16864 | Lair:2   | Noticed a four-headed hydra
 16871 | Lair:2   | Killed a four-headed hydra
 16871 | Lair:2   | Reached skill level 11 in Maces & Flails
 17485 | Lair:3   | Found the +7 pair of quick blades "Gyre" and "Gimble"
                  | {protect}
 17688 | Lair:3   | Reached skill level 10 in Dodging
 17834 | Lair:3   | Found a hole to the Spider Nest.
 18316 | Lair:3   | Reached XP level 13. HP: 128/137 MP: 14/19
 18644 | Lair:3   | Identified the Tome of Attacks and Changing
 18818 | Lair:3   | Reached skill level 12 in Maces & Flails
 19170 | Lair:4   | Found a frozen archway.
 19201 | IceCv    | Entered an ice cave
 19866 | IceCv    | HP: 3/137 [freezing wraith (4)]
 19866 | IceCv    | Mangled by a freezing wraith

Levels and vault maps discovered:
D:1:      eino_arrival_water_star, layout_loops_ring,
          hangedman_abyss_or_decor_stabs, minmay_misc_feat_diagonals
D:2:      layout_loops_corners, first_ration, minmay_misc_feat_doors,
          uniq_natasha, uniq_robin
D:3:      layout_rooms
D:4:      kennysheep_spiral_hall, layout_cave_pools, kennysheep_mini_moat,
          minmay_temple_entry_glassed_door, due_unseen_surprise
D:5:      layout_loops_ring, overflow_temple_1_default, hex_tiny,
          lightli_church_of_beogh
D:6:      layout_layer_cave, minmay_misc_feat_roman, minmay_microvault
D:7:      layout_layer_cave, makhleb_altar_promises_db,
          nemelex_xobeh_ov_fountains_minmay, uniq_duvessa, uniq_prince_ribbit1,
          uniq_joseph, uniq_menkaure
D:8:      layout_gridville, tgw_trog, serial_shops, shop
D:9:      layout_cross, kennysheep_little_box, nicolae_overflow_crystal_walls,
          nicolae_overflow_hidden_temple, serial_shops,
          nicolae_shop_statue_plus, uniq_pikel
D:10:     layout_rooms, due_lair_maze_entry_diamond, ebering_ghost_rock_garden,
          nicolae_trove_entry_diagonal, grunt_livestock
D:11:     layout_basic, serial_shops, kennysheep_mini, kennysheep_nub,
          minmay_guarded_unrand_variability, uniq_fannar, uniq_urug,
          uniq_maurice
Temple:   eino_temple_lava
Lair:1:   layout_regular_city, gammafunk_ghost_arena
Lair:2:   layout_cave_pods, uniq_erica
Lair:3:   layout_cave_pods, spider_nest_entry_webs, minivault_26,
          lemuel_fruit_tree
Lair:4:   layout_gridlike, skrybe_swamp_entry_bodies,
          portal_ice_cave_entry_ice_beasts, minmay_lair_oklob_bushes,
          grunt_megastairs_5, lemuel_fruit_fields
IceCv:    ice_cave_small_necro

Skill      XL: |  1  2  3  4  5  6  7  8  9 10 11 12 13 |
---------------+----------------------------------------+-----
Fighting       | 3 4 5 8 9 11 | 11.0
Charms         | 3 4 5 6 |  6.0
Spellcasting   | 3 4 |  4.0
Hexes          | 3 |  3.0
Maces & Flails | 3 5 8 9 11 12 | 12.0
Dodging        | 3 6 8 10 11 | 11.0
Invocations    | 5 7 |  7.3
Evocations     | 4 5 |  5.0

Action                   |  1- 3 |  4- 6 |  7- 9 | 10-12 | 13-15 || total
-------------------------+-------+-------+-------+-------+-------++-------
Melee: Mace              |    87 |    64 |       |       |       ||   151
       Flail             |       |    19 |   320 |   237 |       ||   576
       Giant club        |       |       |       |   104 |   107 ||   211
       Great mace        |       |       |       |    96 |       ||    96
 Cast: Infusion          |     9 |     7 |    12 |     2 |       ||    30
       Spectral Weapon   |     1 |     7 |    35 |    53 |    16 ||   112
       Shroud of Golubri |       |       |     2 |    17 |     6 ||    25
       Ozocubu's Armour  |       |       |     1 |     8 |       ||     9
Evoke: Wand              |       |       |       |     4 |     4 ||     8
  Use: Scroll            |       |     9 |    12 |     4 |     1 ||    26
       Potion            |       |       |     1 |     5 |     2 ||     8
 Stab: Distracted        |       |     1 |     1 |     4 |     1 ||     7
       Paralysed         |       |       |     3 |    20 |     6 ||    29
       Sleeping          |       |       |       |     3 |       ||     3
  Eat: Chunk             |     2 |     8 |    13 |    38 |     5 ||    66
       Ration            |       |       |     4 |     4 |       ||     8
Armor: Robe              |    44 |    17 |   132 |    78 |    15 ||   286
       Skin              |       |       |     3 |    57 |       ||    60
       Troll leather arm |       |       |       |    32 |     9 ||    41
Dodge: Dodged            |    79 |    44 |   180 |   299 |    78 ||   680

Table legend:
 A = Non-vault XP
 B = Vault XP
 C = Vault XP percentage of total XP
 D = Non-vault monster count
 E = Vault monster count
 F = Vault count percentage of total count
                 A         B        C        D         E       F
            +---------+---------+-------+---------+---------+-------
      Total |   31236 |   10302 |  24.8 |     289 |      68 |  19.0
            +---------+---------+-------+---------+---------+-------
        D:1 |      21 |       0 |   0.0 |      13 |       0 |   0.0
        D:2 |      35 |      30 |  46.2 |      14 |       8 |  36.4
        D:3 |     302 |       0 |   0.0 |      20 |       0 |   0.0
        D:4 |     276 |      33 |  10.7 |      12 |       1 |   7.7
        D:5 |     650 |       0 |   0.0 |      24 |       0 |   0.0
        D:6 |     853 |     272 |  24.2 |      23 |       2 |   8.0
        D:7 |     871 |     818 |  48.4 |      19 |       4 |  17.4
        D:8 |     734 |     624 |  45.9 |      25 |       6 |  19.4
        D:9 |    1206 |     312 |  20.6 |      21 |       3 |  12.5
       D:10 |    4202 |    1745 |  29.3 |      33 |      12 |  26.7
       D:11 |    3902 |    2571 |  39.7 |      18 |       5 |  21.7
     Lair:1 |    4153 |       0 |   0.0 |      18 |       0 |   0.0
     Lair:2 |    3928 |     779 |  16.5 |      10 |       1 |   9.1
     Lair:3 |    8612 |     423 |   4.7 |      31 |       2 |   6.1
     Lair:4 |    1491 |    1035 |  41.0 |       8 |       8 |  50.0
      IceCv |       0 |    1660 | 100.0 |       0 |      16 | 100.0
            +---------+---------+-------+---------+---------+-------
